TOP OF THE 1ST |
Madison Brewers batting - Pitching for Americus Braves : LHP Ji-chol Lee
|
Pitching: LHP Ji-chol Lee
|
|
Batting: LHB Andy Buschlen
|
0-0: Ball 1-0: Swinging Strike 1-1: Ball 2-1: Ball 3-1: Foul Ball, location: 2F 3-2: Foul Ball, location: 2F 3-2: Foul Ball, location: 2F 3-2: Strikes out swinging
|
Batting: LHB Jose Simental
|
0-0: Ball 1-0: Foul Ball, location: 2F 1-1: Ball 2-1: Called Strike 2-2: Strikes out looking
|
Batting: LHB Bill Kovac
|
0-0: Ball 1-0: Ball 2-0: Ball 3-0: Called Strike 3-1: Base on Balls
|
Batting: RHB Steve Brock
|
0-0: Ball 1-0: Ball 2-0: Foul Ball, location: 2F 2-1: 2-RUN HOME RUN (Flyball, 7D, EV 100.6 MPH), Distance : 399 ft
|
Batting: LHB Tony Hasbun
|
0-0: Called Strike 0-1: Ball 1-1: Swinging Strike 1-2: Foul Ball, location: 2F 1-2: Ball 2-2: Ground out 5-3 (Groundball, 5S, EV 71.2 MPH)
|
Top of the 1st over - 2 runs, 1 hit, 0 errors, 0 left on base; Madison 2 - Americus 0 |
BOTTOM OF THE 1ST |
Americus Braves batting - Pitching for Madison Brewers : LHP Jose Ruiz
|
Pitching: LHP Jose Ruiz
|
|
Batting: RHB Ryan Cole
|
0-0: Foul Ball, location: 2F 0-1: Ball 1-1: Foul Ball, location: 2F 1-2: Ball 2-2: Foul Ball, location: 2F 2-2: Ball 3-2: Ground out 6-3 (Groundball, 6S, EV 86.9 MPH)
|
Batting: RHB Josh Maxwell
|
0-0: Ball 1-0: Foul Ball, location: 2F 1-1: Ball 2-1: Foul Ball, location: 2F 2-2: SINGLE (Groundball, 56D, EV 97.5 MPH)
|
Batting: LHB Garret Mathis
|
0-0: Grounds into double play, U3-6 (Groundball, 3L, EV 86.2 MPH)
|
Bottom of the 1st over - 0 runs, 1 hit, 0 errors, 0 left on base; Madison 2 - Americus 0 |
TOP OF THE 2ND |
Madison Brewers batting - Pitching for Americus Braves : LHP Ji-chol Lee
|
Batting: RHB Malcolm McCauley
|
0-0: Ball 1-0: Ball 2-0: Ball 3-0: Base on Balls
|
Batting: RHB Fernando Mejia
|
0-0: Ball 1-0: Ball 2-0: Ball Wild Pitch! Malcolm McCauley to second 3-0: Called Strike 3-1: SINGLE (Groundball, 6D, EV 110.0 MPH) Malcolm McCauley to third Runner from 3rd tries for Home, SAFE, throw by CF to home
|
Batting: RHB Ben Follett
|
0-0: Called Strike 0-1: Ball Fernando Mejia is caught stealing 2nd base 2-4 1-1: Ball 2-1: Foul Ball, location: 2F 2-2: Foul Ball, location: 2F 2-2: Ball 3-2: Foul Ball, location: 2F 3-2: Base on Balls
|
Batting: RHB Kelan Rae
|
0-0: Ball 1-0: Foul Ball, location: 2F 1-1: SINGLE (Groundball, 56S, EV 67.5 MPH) (infield hit) Ben Follett to second
|
Batting: LHB Andy Buschlen
|
0-0: Ball 1-0: Foul Ball, location: 2F 1-1: Foul Ball, location: 2F 1-2: Strikes out swinging
|
Batting: LHB Jose Simental
|
0-0: Ball 1-0: Called Strike 1-1: Called Strike 1-2: SINGLE (Groundball, 3D, EV 105.6 MPH) Ben Follett to third Kelan Rae to second Runner from 3rd tries for Home, SAFE, throw by RF to home
|
Batting: LHB Bill Kovac
|
0-0: Called Strike 0-1: Foul Ball, location: 2F 0-2: Strikes out swinging
|
Top of the 2nd over - 2 runs, 3 hits, 0 errors, 2 left on base; Madison 4 - Americus 0 |
BOTTOM OF THE 2ND |
Americus Braves batting - Pitching for Madison Brewers : LHP Jose Ruiz
|
Batting: RHB Wilson Salgado
|
0-0: Fly out, F7 (Flyball, 7LM, EV 94.4 MPH)
|
Batting: RHB Ricardo Joya
|
0-0: Ball 1-0: SINGLE (Flyball, 89S, EV 88.8 MPH)
|
Batting: RHB Bill Horne
|
0-0: Called Strike 0-1: Swinging Strike 0-2: Strikes out looking
|
Batting: RHB Jose Florez
|
0-0: Ground out 4-3 (Groundball, 4, EV 85.0 MPH)
|
Bottom of the 2nd over - 0 runs, 1 hit, 0 errors, 1 left on base; Madison 4 - Americus 0 |
TOP OF THE 3RD |
Madison Brewers batting - Pitching for Americus Braves : LHP Ji-chol Lee
|
Batting: RHB Steve Brock
|
0-0: Called Strike 0-1: Ball 1-1: Fly out, F9 (Flyball, 9LSF, EV 93.8 MPH)
|
Batting: LHB Tony Hasbun
|
0-0: Foul Ball, location: 2F 0-1: Swinging Strike 0-2: Strikes out swinging
|
Batting: RHB Malcolm McCauley
|
0-0: Ball 1-0: Fly out, F7 (Flyball, 78M, EV 84.4 MPH)
|
Top of the 3rd over - 0 runs, 0 hits, 0 errors, 0 left on base; Madison 4 - Americus 0 |
BOTTOM OF THE 3RD |
Americus Braves batting - Pitching for Madison Brewers : LHP Jose Ruiz
|
Batting: RHB Juan Barela
|
0-0: Called Strike 0-1: Ball 1-1: Swinging Strike 1-2: Strikes out swinging
|
Batting: LHB Pappy Sterile
|
0-0: Called Strike 0-1: Ball 1-1: Swinging Strike 1-2: Foul Ball, location: 2F 1-2: Strikes out swinging
|
Batting: RHB Ryan Cole
|
0-0: Ball 1-0: Called Strike 1-1: Called Strike 1-2: Ball 2-2: Ball 3-2: SINGLE (Line Drive, 78S, EV 111.9 MPH)
|
Batting: RHB Josh Maxwell
|
0-0: Ball 1-0: Swinging Strike 1-1: Ball 2-1: Ball Ryan Cole is caught stealing 2nd base 2-4
|
Bottom of the 3rd over - 0 runs, 1 hit, 0 errors, 0 left on base; Madison 4 - Americus 0 |
TOP OF THE 4TH |
Madison Brewers batting - Pitching for Americus Braves : LHP Ji-chol Lee
|
Batting: RHB Fernando Mejia
|
0-0: Foul Ball, location: 2F 0-1: Ground out 6-3 (Groundball, 6, EV 103.1 MPH)
|
Batting: RHB Ben Follett
|
0-0: Called Strike 0-1: Ball 1-1: Swinging Strike 1-2: Strikes out swinging
|
Batting: RHB Kelan Rae
|
0-0: Ball 1-0: Ball 2-0: Called Strike 2-1: Called Strike 2-2: Ball 3-2: Base on Balls
|
Batting: LHB Andy Buschlen
|
0-0: Foul Ball, location: 2F 0-1: Ball 1-1: Foul Ball, location: 2F 1-2: Ball 2-2: Fly out, F9 (Flyball, 89S, EV 90.0 MPH)
|
Top of the 4th over - 0 runs, 0 hits, 0 errors, 1 left on base; Madison 4 - Americus 0 |
BOTTOM OF THE 4TH |
Americus Braves batting - Pitching for Madison Brewers : LHP Jose Ruiz
|
Batting: RHB Josh Maxwell
|
0-0: Ball 1-0: Called Strike 1-1: Foul Ball, location: 2F 1-2: Ball 2-2: Foul Ball, location: 2F 2-2: Strikes out swinging
|
Batting: LHB Garret Mathis
|
0-0: Swinging Strike 0-1: Foul Ball, location: 2F 0-2: Strikes out looking
|
Batting: RHB Wilson Salgado
|
0-0: Foul Ball, location: 2F 0-1: Ball 1-1: Swinging Strike 1-2: Reached on error, E1 (Groundball, 15S, EV 70.6 MPH)
|
Batting: RHB Ricardo Joya
|
0-0: Called Strike 0-1: Ball 1-1: Ball 2-1: Ball 3-1: Foul Ball, location: 2F 3-2: Base on Balls Wilson Salgado to second
|
Batting: RHB Bill Horne
|
0-0: Called Strike 0-1: Ball 1-1: Called Strike 1-2: Ball 2-2: Foul Ball, location: 2F 2-2: Ball 3-2: Base on Balls Wilson Salgado to third Ricardo Joya to second
|
Batting: RHB Jose Florez
|
0-0: SINGLE (Line Drive, 6D, EV 95.6 MPH) Wilson Salgado scores Ricardo Joya to third Bill Horne to second Runner from 3rd tries for Home, SAFE, throw by LF to home
|
Batting: RHB Juan Barela
|
0-0: Ground out 6-3 (Groundball, 6S, EV 69.4 MPH)
|
Bottom of the 4th over - 2 runs, 1 hit, 1 error, 2 left on base; Madison 4 - Americus 2 |
TOP OF THE 5TH |
Madison Brewers batting - Pitching for Americus Braves : LHP Ji-chol Lee
|
Batting: LHB Jose Simental
|
0-0: Ground out 4-3 (Groundball, 4MD, EV 103.1 MPH)
|
Batting: LHB Bill Kovac
|
0-0: Called Strike 0-1: DOUBLE (Line Drive, 3D, EV 104.4 MPH)
|
Batting: RHB Steve Brock
|
0-0: Foul Ball, location: 2F 0-1: Swinging Strike 0-2: Ball 1-2: Ball 2-2: Strikes out swinging
|
Batting: LHB Tony Hasbun
|
0-0: Called Strike 0-1: Called Strike 0-2: Ball 1-2: Foul Ball, location: 2F 1-2: Ball 2-2: Strikes out looking
|
Top of the 5th over - 0 runs, 1 hit, 0 errors, 1 left on base; Madison 4 - Americus 2 |
BOTTOM OF THE 5TH |
Americus Braves batting - Pitching for Madison Brewers : LHP Jose Ruiz
|
Batting: LHB Pappy Sterile
|
0-0: Ball 1-0: Ball 2-0: Fly out, F8 (Flyball, 8LS, EV 83.8 MPH)
|
Batting: RHB Ryan Cole
|
0-0: Ball 1-0: Foul Ball, location: 2F 1-1: Foul Ball, location: 2F 1-2: Ball 2-2: Ground out 5-3 (Groundball, 5D, EV 90.6 MPH)
|
Batting: RHB Josh Maxwell
|
0-0: Ball 1-0: Foul Ball, location: 2F 1-1: Ball 2-1: Foul Ball, location: 2F 2-2: Ball 3-2: Strikes out looking
|
Bottom of the 5th over - 0 runs, 0 hits, 0 errors, 0 left on base; Madison 4 - Americus 2 |
TOP OF THE 6TH |
Madison Brewers batting - Pitching for Americus Braves : LHP Ji-chol Lee
|
Batting: RHB Malcolm McCauley
|
0-0: Ball 1-0: Ball 2-0: Ground out 4-3 (Groundball, 4, EV 84.4 MPH)
|
Batting: RHB Fernando Mejia
|
0-0: Ball 1-0: Foul Ball, location: 2F 1-1: SINGLE (Groundball, 4MD, EV 108.1 MPH)
|
Batting: RHB Ben Follett
|
0-0: Foul Ball, location: 2F 0-1: Ball 1-1: Called Strike 1-2: Strikes out looking
|
Pitching: LHP Ben Woods
|
|
Batting: RHB Kelan Rae
|
0-0: Ball 1-0: Ball 2-0: SINGLE (Groundball, 6M, EV 104.4 MPH) (infield hit) Fernando Mejia to second
|
Batting: LHB Andy Buschlen
|
0-0: Foul Ball, location: 2F 0-1: Ball 1-1: Ball 2-1: Fly out, F5 (Popup, 5F, EV 60.0 MPH)
|
Top of the 6th over - 0 runs, 2 hits, 0 errors, 2 left on base; Madison 4 - Americus 2 |
BOTTOM OF THE 6TH |
Americus Braves batting - Pitching for Madison Brewers : LHP Jose Ruiz
|
Pitching: RHP Angel Pacheco
|
|
Batting: LHB Garret Mathis
|
0-0: Ball 1-0: Called Strike 1-1: Ball 2-1: Ball 3-1: Base on Balls
|
Batting: RHB Wilson Salgado
|
0-0: Called Strike 0-1: Foul Ball, location: 2F 0-2: Strikes out swinging
|
Batting: RHB Ricardo Joya
|
0-0: Called Strike 0-1: Called Strike 0-2: Grounds into double play, 6-4-3 (Groundball, 6S, EV 83.8 MPH)
|
Bottom of the 6th over - 0 runs, 0 hits, 0 errors, 0 left on base; Madison 4 - Americus 2 |
TOP OF THE 7TH |
Madison Brewers batting - Pitching for Americus Braves : LHP Ben Woods
|
Batting: LHB Jose Simental
|
0-0: Ball 1-0: Foul Ball, location: 2F 1-1: SINGLE (Groundball, 6M, EV 83.8 MPH) (infield hit)
|
Pinch Hitting: RHB Dustin Pryor
|
0-0: Foul Ball, location: 2F 0-1: Ball 1-1: Ball Jose Simental is caught stealing 2nd base 2-4 2-1: Foul Ball, location: 2F 2-2: Foul Ball, location: 2F 2-2: Foul Ball, location: 2F 2-2: Foul Ball, location: 2F 2-2: Ball 3-2: Reaches on Catchers interference
|
Batting: RHB Steve Brock
|
0-0: Called Strike 0-1: Ball 1-1: Ball 2-1: Fly out, F9 (Flyball, 89M, EV 78.8 MPH)
|
Batting: LHB Tony Hasbun
|
0-0: Ball 1-0: 2-RUN HOME RUN (Flyball, 7D, EV 103.1 MPH), Distance : 387 ft
|
Batting: RHB Malcolm McCauley
|
0-0: Ball 1-0: Swinging Strike 1-1: Called Strike 1-2: Foul Ball, location: 2F 1-2: Strikes out swinging
|
Top of the 7th over - 2 runs, 2 hits, 1 error, 0 left on base; Madison 6 - Americus 2 |
BOTTOM OF THE 7TH |
Americus Braves batting - Pitching for Madison Brewers : RHP Angel Pacheco
|
Now in LF: Sammar Wambugu
|
|
Batting: RHB Bill Horne
|
0-0: Called Strike 0-1: Swinging Strike 0-2: Ball 1-2: Ball 2-2: Ball 3-2: Foul Ball, location: 2F 3-2: Strikes out swinging
|
Batting: RHB Jose Florez
|
0-0: Called Strike 0-1: Swinging Strike 0-2: Ball 1-2: Ball 2-2: Strikes out swinging
|
Batting: RHB Juan Barela
|
0-0: Called Strike 0-1: Ball 1-1: Ball 2-1: Swinging Strike 2-2: Strikes out swinging
|
Bottom of the 7th over - 0 runs, 0 hits, 0 errors, 0 left on base; Madison 6 - Americus 2 |
TOP OF THE 8TH |
Madison Brewers batting - Pitching for Americus Braves : LHP Ben Woods
|
Pitching: LHP Joel Littlejohn
|
|
Batting: RHB Fernando Mejia
|
0-0: Ground out 5-3 (Groundball, 56S, EV 85.0 MPH)
|
Batting: RHB Ben Follett
|
0-0: Ball 1-0: Ball 2-0: Ball 3-0: Base on Balls
|
Batting: LHB Fumito Sakurai
|
0-0: Ball Ben Follett is caught stealing 2nd base 2-6 1-0: Ball 2-0: Called Strike 2-1: Ball 3-1: Ground out 6-3 (Groundball, 6, EV 80.6 MPH)
|
Top of the 8th over - 0 runs, 0 hits, 0 errors, 0 left on base; Madison 6 - Americus 2 |
BOTTOM OF THE 8TH |
Americus Braves batting - Pitching for Madison Brewers : RHP Angel Pacheco
|
Batting: LHB Pappy Sterile
|
0-0: Called Strike 0-1: Swinging Strike 0-2: Ball 1-2: Strikes out swinging
|
Batting: RHB Ryan Cole
|
0-0: Ball 1-0: Ball 2-0: Called Strike 2-1: Ball 3-1: Swinging Strike 3-2: Strikes out swinging
|
Batting: RHB Josh Maxwell
|
0-0: Called Strike 0-1: Called Strike 0-2: Ball 1-2: Foul Ball, location: 2F 1-2: Fly out, F8 (Flyball, 8LD, EV 90.0 MPH)
|
Bottom of the 8th over - 0 runs, 0 hits, 0 errors, 0 left on base; Madison 6 - Americus 2 |
TOP OF THE 9TH |
Madison Brewers batting - Pitching for Americus Braves : LHP Joel Littlejohn
|
Batting: LHB Andy Buschlen
|
0-0: Called Strike 0-1: Foul Ball, location: 2F 0-2: Ball 1-2: Foul Ball, location: 2F 1-2: Foul Ball, location: 2F 1-2: Ball 2-2: Ball 3-2: Foul Ball, location: 2F 3-2: Ground out 4-3 (Groundball, 4, EV 110.0 MPH)
|
Batting: LHB Jose Simental
|
0-0: Ball 1-0: Ball 2-0: Ground out 4-3 (Groundball, 4, EV 106.9 MPH)
|
Batting: SHB Sammar Wambugu
|
0-0: Called Strike 0-1: Foul Ball, location: 2F 0-2: Ball 1-2: Foul Ball, location: 2F 1-2: Strikes out swinging
|
Top of the 9th over - 0 runs, 0 hits, 0 errors, 0 left on base; Madison 6 - Americus 2 |
BOTTOM OF THE 9TH |
Americus Braves batting - Pitching for Madison Brewers : RHP Angel Pacheco
|
Batting: LHB Garret Mathis
|
0-0: Called Strike 0-1: Swinging Strike 0-2: Ball 1-2: Foul Ball, location: 2F 1-2: Ball 2-2: Ball 3-2: Fly out, F3 (Line Drive, 3L, EV 68.8 MPH)
|
Batting: RHB Wilson Salgado
|
0-0: Called Strike 0-1: Swinging Strike 0-2: Strikes out swinging
|
Batting: RHB Ricardo Joya
|
0-0: Fly out, F2 (Popup, 23F, EV 80.6 MPH)
|
Bottom of the 9th over - 0 runs, 0 hits, 0 errors, 0 left on base; Madison 6 - Americus 2 |
|